 Dungeon Crawl Stone Soup version 0.31.0-11-ge490571c62 (webtiles) character file.

Game seed: 14622692830330629853

78435 qw the Crack Shot (level 15, -4/90 HPs)
             Began as a Deep Elf Hunter on Feb 4, 2024.
             Was the Champion of Okawaru.
             Slain by a molten gargoyle
             ... wielding a +0 flail
              (6 damage)
             ... while petrified
             ... in a Gauntlet.
             The game lasted 00:02:27 (16325 turns).

qw the Crack Shot (Deep Elf Hunter)                Turns: 16325, Time: 00:02:27

Health: -4/90      AC: 13    Str: 14    XL:     15   Next: 18%
Magic:  24/24      EV:  2    Int: 20    God:    Okawaru [******]
Gold:   465        SH:  0    Dex: 36    Spells: 14/14 levels left

rFire   . . .        x - +9 triple crossbow
rCold   . . .        (shield currently unavailable)
rNeg    + + +        a - +3 leather armour of Gowopnuo {Dex+9}
rPois   inf          (no helmet)
rElec   .            B - +2 cloak {rPois}
rCorr   .            b - +0 pair of gloves of Ohim {Int+4 Dex+3}
SInv    .            c - +2 pair of boots
Will    +....        u - amulet of faith
Stlth   +++          k - +6 ring of dexterity
HPRegen 0.35/turn    o - +5 ring of evasion
MPRegen 0.19/turn

%: no teleportation, faith
@: petrified
A: no striking features
a: Renounce Religion, Heroism, Finesse, Duel


You were in a Gauntlet.
You worshipped Okawaru.
Okawaru was exalted by your worship.
You visited 3 branches of the dungeon, and saw 20 of its levels.
You also visited: Gauntlet.

You collected 1554 gold pieces.
You spent 1089 gold pieces at shops.


   Skills:
 - Level 9.0 Fighting
 + Level 24.3 Ranged Weapons
 - Level 3.2 Armour
 - Level 16.0 Dodging
 - Level 1.2 Stealth
 - Level 10.0 Invocations


You had 14 spell levels left.
You didn't know any spells.
Your spell library was empty.

Inventory:

Hand Weapons
 x - a +9 triple crossbow (weapon)
Armour
 a - the +3 leather armour of Gowopnuo (worn) {Dex+9}
   (You found it on level 6 of the Dungeon)

   Dex+9:     It affects your dexterity (+9).
 b - the +0 pair of gloves of Ohim (worn) {Int+4 Dex+3}
   (You acquired it on level 3 of the Dungeon)

   Int+4:     It affects your intelligence (+4).
   Dex+3:     It affects your dexterity (+3).
 c - a +2 pair of boots (worn)
 B - a +2 cloak of poison resistance (worn)
Jewellery
 k - a +6 ring of dexterity (left hand)
 o - a +5 ring of evasion (right hand)
 p - an amulet of regeneration
 u - an amulet of faith (around neck)
 y - a ring of protection from fire
Wands
 d - a wand of paralysis (27)
 l - a wand of iceblast (14)
 m - a wand of polymorph (5)
 q - a wand of quicksilver (18)
 t - a wand of digging (11)
Scrolls
 f - 11 scrolls of teleportation
 i - 2 scrolls of enchant weapon
 s - 9 scrolls of identify
Potions
 e - a potion of heal wounds
 g - 4 potions of enlightenment
 h - 2 potions of mutation
 n - 4 potions of haste
 r - 4 potions of might
 v - 3 potions of magic
 z - 3 potions of curing

Dungeon Overview and Level Annotations

Branches:
Dungeon (14/15)            Temple (1/1) D:5            Lair (5/5) D:9
  Swamp (0/4) Lair:3       Spider (0/4) Lair:2        Slime (0/5) Lair:5
    Orc (0/2) D:11         Vaults (0/5) D:13        Gauntlet (1/1)

Altars:
Ashenzari
Cheibriados
Dithmenos
Elyvilon
Fedhas
Gozag
Hepliaklqana
Kikubaaqudgha
Makhleb
Nemelex Xobeh
Okawaru
Qazlal
Ru
Sif Muna
Trog
Uskayaw
Vehumet
Wu Jian
Xom
Yredelemnul
Zin
The Shining One
Jiyva

Shops:
D:2 :   D:3 [   D:6 [   D:9 *   D:10 *

Portals:
Trove: D:12 (give +2 fire dragon scales)
Bailey: D:7

Annotations:
Gauntlet 9 transporters, 1 runed translucent door


Message History

The molten gargoyle blasts magma at you!
The bolt of magma misses you. The gargoyle hits you with a +0 mace!
You shoot a bolt. The bolt hits the gargoyle!!!
You destroy the gargoyle!
Okawaru accepts your kill.
You are engulfed in calcifying dust.
The molten gargoyle completely misses you.
The gargoyle misses you.
The molten gargoyle blasts magma at you!
The bolt of magma misses you.
The gargoyle hurls a stone arrow at you.
The stone arrow misses you.
Your limbs are stiffening.
16318 ||| Stepping ~*~*~tactically~*~*~ (cloud).
The molten gargoyle blasts magma at you!
The bolt of magma misses you.
The gargoyle hits you with a +0 mace. x2
The molten gargoyle blasts magma at you!
The bolt of magma hits you!!
You have turned to stone.
The molten gargoyle blasts magma at you!
The bolt of magma hits you.
The gargoyle hits you but does no damage.
The gargoyle hits you but does no damage.
The molten gargoyle hits you with a +0 flail!
You are engulfed in flames!
The molten gargoyle blasts magma at you!
The bolt of magma hits you!
The gargoyle hits you but does no damage.
The molten gargoyle hits you with a +0 flail!
You are engulfed in flames!
The gargoyle hurls a stone arrow at you.
The stone arrow hits you.
The molten gargoyle hits you with a +0 flail!
You are engulfed in flames!
The gargoyle hurls a stone arrow at you.
The stone arrow hits you!
The molten gargoyle hits you with a +0 flail!
You are engulfed in flames!
The gargoyle hurls a stone arrow at you.
The stone arrow hits you.
The molten gargoyle hits you with a +0 flail!
You die...

#...##..7.#(..###.#.#########.#.7
#.7. ##...#"...#zz#.###...###.#..
#. ##~...#....zzz#.###.[.###.#.P
#~~.P.#########.##='##..#.#.P
##~.7.........#^#^.#^#..#^#.7
##.P.#########.##.##+..###..
##~...#9......#.###...###....
#~~.P.#?###.#.#.###...###...~
##~.7.#[###9@.#.#########..~~
##.P.#^###^9.#^#.........###
##~...#)...##.###.7.7.7..~#
#~~...#....##.#......P..~~#
##~.7.#.......#.7.P....####
##.P.#########..PP...~#
#~..................~~#
#~~~#~~~#~~~#~~~#~~~####
##~###~###~###~###~##


You could see a molten gargoyle, a gargoyle and 3 laughing skulls.

Vanquished Creatures
  Snorg (D:14)
  Azrael (D:14)
  A fire dragon (D:13)
  Fannar (Lair:1)
  2 great orbs of eyes (D:13)
  A vault guard (D:13)
  5 hydras
  3 boulder beetles
  A catoblepas (Gauntlet)
  3 two-headed ogres
  A merfolk avatar (Lair:5)
  A centaur warrior (D:13)
  Urug (Lair:2)
  5 skeletal warriors (D:13)
  5 skysharks
  An orange crystal statue (D:8)
  7 ugly things (D:13)
  An orc knight (D:13)
  4 manticores
  A deep elf pyromancer (D:13)
  3 oklob plants
  12 elephants
  3 meliai (D:12)
  A torpor snail (Gauntlet)
  8 black mambas
  13 cane toads
  6 unseen horrors
  7 gargoyles
  2 freezing wraiths (D:13)
  Maggie (D:6)
  2 rime drakes
  12 komodo dragons
  A rime drake (shapeshifter) (D:9)
  A guardian mummy (D:12)
  3 tengu conjurers (D:13)
  Psyche (D:12)
  3 trolls
  6 polar bears
  A queen bee (D:12)
  A tyrant leech (Lair:3)
  A wind drake (Lair:5)
  A snapping turtle (Lair:5)
  10 hornets
  4 dream sheep (Lair:3)
  5 culicivoras (Lair:2)
  Sigmund (D:2)
  16 blink frogs
  4 shadows
  45 yaks
  2 vampires (D:13)
  5 wyverns
  A wraith (D:10)
  2 fire elementals (D:14)
  4 basilisks
  Eustachio (D:5)
  21 vampire mosquitoes
  Grum (D:11)
  2 steam dragons (Lair:5)
  Menkaure (D:4)
  2 swamp worms (Lair:3)
  2 acid dragons
  14 water moccasins
  2 hell hounds (D:14)
  9 orc warriors
  2 sky beasts
  4 black bears
  2 ogres
  3 centaurs
  15 wolves
  A phantom (D:4)
  6 kobold brigands
  Blork the orc (D:6)
  11 bullfrogs
  2 scorpions
  2 gnoll sergeants
  13 wights
  31 killer bees
  5 howler monkeys
  3 electric eels
  5 lava snakes
  A bombardier beetle (D:7)
  3 jellies
  A hound (D:4)
  8 orc priests
  2 sleepcaps (D:6)
  11 hell rats
  2 iguanas
  18 orc wizards
  10 gnolls
  18 adders
  A shadow imp (D:6)
  5 dart slugs
  A ribbon worm (D:3)
  42 orcs
  11 ball pythons
  7 bats
  4 endoplasms
  4 giant cockroaches
  6 hobgoblins
  7 jackals
  19 kobolds
  A quokka (D:1)
  5 frilled lizards (D:1)
  9 goblins
  5 rats
596 creatures vanquished.

Vanquished Creatures (others)
  A meliai simulacrum (D:14)
1 creature vanquished.

Grand Total: 597 creatures vanquished

Notes
Turn   | Place    | Note
-------+----------+-------------------------------------------
     0 | D:1      | qw the Deep Elf Hunter began the quest for the Orb.
     0 | D:1      | Reached XP level 1. HP: 12/12 MP: 3/3
     0 | D:1      | 0 ||| qw: Version: 0.3-a-160-g6735b56
     0 | D:1      | 0 ||| qw: Game counter: 4833
     0 | D:1      | 0 ||| qw: Melee chars always use a shield: true
     0 | D:1      | 0 ||| qw: God list: Okawaru
     0 | D:1      | 0 ||| qw: Allow faded altars: false
     0 | D:1      | 0 ||| qw: Do Orc after clearing Dungeon:15 true
     0 | D:1      | 0 ||| qw: Do second Lair branch before Depths: true
     0 | D:1      | 0 ||| qw: Lair rune preference: random
     0 | D:1      | 0 ||| qw: Goals: Normal
     0 | D:1      | 0 ||| PLANNING D:1-11
   112 | D:1      | Reached XP level 2. HP: 16/16 MP: 4/4
   119 | D:1      | Reached skill level 6 in Ranged Weapons
   437 | D:1      | Reached XP level 3. HP: 20/20 MP: 5/5
   572 | D:1      | 572 ||| UPGRADING to +0 ring mail.
   582 | D:1      | 582 ||| DROPPING +0 leather armour.
   583 | D:1      | 583 ||| READING 3 scrolls labelled ATOICV SO UME.
   583 | D:1      | 583 ||| IDENTIFYING bubbling yellow potion
   584 | D:1      | 584 ||| READING 2 scrolls of identify.
   584 | D:1      | 584 ||| IDENTIFYING bubbling brown potion
   585 | D:1      | 585 ||| READING scroll of identify.
   585 | D:1      | 585 ||| IDENTIFYING 2 scrolls labelled ASUFEBRATU
   586 | D:1      | 586 ||| DROPPING scroll of butterflies.
   590 | D:2      | Noticed Sigmund
   594 | D:2      | 594 ||| STAIRDANCE
   611 | D:2      | 611 ||| STAIRDANCE
   644 | D:2      | 644 ||| STAIRDANCE
   656 | D:2      | 656 ||| STAIRDANCE
   674 | D:2      | 674 ||| DRINKING potion of curing.
   674 | D:2      | 674 ||| (to cure confusion)
   681 | D:2      | Killed Sigmund
   682 | D:2      | Reached skill level 9 in Ranged Weapons
   682 | D:2      | Reached XP level 4. HP: 17/25 MP: 6/6
   682 | D:2      | Reached XP level 5. HP: 19/29 MP: 7/7
   798 | D:2      | You fall into a shaft and drop 1 floor!
   835 | D:3      | Found Neyjaw's Antique Armour Emporium.
   871 | D:3      | 871 ||| SHOPLISTING shiny ring mail (175 gold, have 106).
  1012 | D:3      | 1012 ||| READING scroll labelled GEGHEP DUEKHOTUFUDGH.
  1013 | D:3      | 1013 ||| READING scroll labelled LOHUX VEZXE.
  1013 | D:3      | Identified a scroll of acquirement
  1013 | D:3      | 1013 ||| ACQUIRING +0 pair of gloves of Ohim {Int+4 Dex+3}
  1013 | D:3      | Acquired the +0 pair of gloves of Ohim {Int+4 Dex+3}
  1015 | D:3      | 1015 ||| UPGRADING to +0 pair of gloves of Ohim {Int+4
                  | Dex+3}.
  1020 | D:3      | 1020 ||| READING scroll labelled NUKUHITUNI.
  1020 | D:3      | 1020 ||| ENCHANTING +0 ring mail.
  1021 | D:3      | 1021 ||| READING scroll labelled RESTRA QYIG CIH.
  1028 | D:2      | Found a faded altar of an unknown god.
  1060 | D:2      | 1060 ||| READING scroll of enchant armour.
  1060 | D:2      | 1060 ||| ENCHANTING +1 ring mail.
  1091 | D:2      | Found Dihiehem's Vocational Training.
  1392 | D:2      | 1392 ||| READING scroll labelled BOMIHE XO FOLU.
  1393 | D:2      | 1393 ||| READING scroll labelled VYR XIAWESI.
  1395 | D:2      | 1395 ||| Stepping ~*~*~tactically~*~*~ (cloud).
  1776 | D:3      | Reached skill level 3 in Dodging
  1872 | D:3      | Reached XP level 6. HP: 35/35 MP: 8/8
  1889 | D:3      | 1889 ||| READING scroll of enchant armour.
  1889 | D:3      | 1889 ||| ENCHANTING +2 ring mail.
  1953 | D:3      | 1953 ||| Stepping randomly (stuck).
  2370 | D:3      | 2370 ||| DROPPING amulet of magic regeneration.
  2371 | D:3      | 2371 ||| UPGRADING to +5 ring of evasion.
  2372 | D:3      | 2372 ||| READING scroll of identify.
  2372 | D:3      | 2372 ||| IDENTIFYING bubbling dark potion
  2373 | D:3      | 2373 ||| DRINKING 2 blue potions.
  2374 | D:3      | 2374 ||| DROPPING potion of degeneration.
  2375 | D:3      | 2375 ||| DROPPING potion of invisibility.
  2432 | D:4      | Found a hide-covered altar of Uskayaw.
  2457 | D:4      | Noticed Menkaure
  2465 | D:4      | Killed Menkaure
  2466 | D:4      | Reached skill level 10 in Ranged Weapons
  2642 | D:4      | Reached XP level 7. HP: 36/40 MP: 9/9
  2718 | D:4      | Reached skill level 1 in Armour
  2964 | D:4      | Reached skill level 11 in Ranged Weapons
  3000 | D:4      | 3000 ||| UPGRADING to +0 pair of boots.
  3006 | D:4      | 3006 ||| READING 2 scrolls of identify.
  3006 | D:4      | 3006 ||| IDENTIFYING fizzy pink potion
  3007 | D:4      | 3007 ||| READING scroll of identify.
  3007 | D:4      | 3007 ||| IDENTIFYING cyan potion
  3008 | D:4      | 3008 ||| READING scroll labelled USSAAROMOA.
  3008 | D:4      | 3008 ||| ENCHANTING +0 shortbow.
  3009 | D:4      | 3009 ||| READING scroll labelled FEOSASTRIOCK.
  3010 | D:4      | 3010 ||| DROPPING potion of lignification.
  3044 | D:4      | 3044 ||| DRINKING 2 potions of curing.
  3044 | D:4      | 3044 ||| (to cure confusion)
  3332 | D:5      | Entered Level 5 of the Dungeon
  3414 | D:5      | Found a basalt altar of Yredelemnul.
  3423 | D:5      | Found a radiant altar of Vehumet.
  3598 | D:5      | Found a staircase to the Ecumenical Temple.
  3599 | D:5      | 3599 ||| PLANNING TEMPLE
  3599 | D:5      | 3599 ||| READING scroll labelled TAHOARGHY EKIPP.
  3711 | Temple   | Entered the Ecumenical Temple
  3712 | Temple   | 3712 ||| PLANNING OKAWARU WORSHIP
  3718 | Temple   | Became a worshipper of Warmaster Okawaru
  3719 | Temple   | 3719 ||| PLANNING D:1-11
  3756 | D:5      | Found a blossoming altar of Fedhas.
  3824 | D:5      | Noticed Eustachio
  3825 | D:5      | 3825 ||| DRINKING potion of haste.
  3841 | D:5      | Killed Eustachio
  3842 | D:5      | Reached skill level 12 in Ranged Weapons
  3842 | D:5      | Reached XP level 8. HP: 39/44 MP: 10/10
  3930 | D:5      | 3930 ||| READING scroll of enchant armour.
  3930 | D:5      | 3930 ||| ENCHANTING +0 pair of boots.
  3942 | D:5      | Reached skill level 3 in Fighting
  4267 | D:5      | 4267 ||| UPGRADING to ring of positive energy.
  4399 | D:6      | Reached * piety under Okawaru
  4486 | D:6      | 4486 ||| READING scroll of acquirement.
  4486 | D:6      | 4486 ||| ACQUIRING +5 shortbow of the Bequeathed God
                  | {heavy, Int+2 Dex+2}
  4486 | D:6      | Acquired the +5 shortbow of the Bequeathed God {heavy,
                  | Int+2 Dex+2}
  4488 | D:6      | 4488 ||| SWAPPING to +5 shortbow of the Bequeathed God
                  | {heavy, Int+2 Dex+2}.
  4489 | D:6      | 4489 ||| DROPPING +1 shortbow.
  4498 | D:6      | Identified the +3 leather armour of Gowopnuo {Dex+9}
  4541 | D:6      | Reached skill level 1 in Invocations
  4699 | D:6      | Found a hazy altar of Hepliaklqana.
  4700 | D:6      | Noticed Maggie
  4704 | D:6      | 4704 ||| INVOKING Heroism.
  4713 | D:6      | Killed Maggie
  4714 | D:6      | Reached skill level 3 in Invocations
  4819 | D:6      | Noticed Blork the orc
  4832 | D:6      | 4832 ||| FLEEEEING.
  4833 | D:6      | 4833 ||| FLEEEEING.
  4834 | D:6      | 4834 ||| FLEEEEING.
  4835 | D:6      | 4835 ||| FLEEEEING.
  4836 | D:6      | 4836 ||| FLEEEEING.
  4837 | D:6      | 4837 ||| FLEEEEING.
  4837 | D:6      | HP: 6/46 [Blork the orc/magic dart (8)]
  4838 | D:6      | 4838 ||| READING 7 scrolls of teleportation.
  4839 | D:6      | 4839 ||| DRINKING potion of heal wounds.
  4840 | D:6      | 4840 ||| FLEEEEING.
  4841 | D:6      | 4841 ||| FLEEEEING.
  4842 | D:6      | 4842 ||| FLEEEEING.
  4843 | D:6      | 4843 ||| FLEEEEING.
  4844 | D:6      | 4844 ||| FLEEEEING.
  4845 | D:6      | 4845 ||| FLEEEEING.
  4846 | D:6      | 4846 ||| FLEEEEING.
  4847 | D:6      | 4847 ||| FLEEEEING.
  4848 | D:6      | 4848 ||| FLEEEEING.
  4849 | D:6      | 4849 ||| FLEEEEING.
  4850 | D:6      | 4850 ||| FLEEEEING.
  4851 | D:6      | 4851 ||| FLEEEEING.
  4852 | D:6      | 4852 ||| FLEEEEING.
  4853 | D:6      | 4853 ||| FLEEEEING.
  4854 | D:6      | 4854 ||| FLEEEEING.
  4855 | D:6      | 4855 ||| FLEEEEING.
  4856 | D:6      | 4856 ||| FLEEEEING.
  4857 | D:6      | 4857 ||| FLEEEEING.
  4858 | D:6      | 4858 ||| FLEEEEING.
  4859 | D:6      | 4859 ||| FLEEEEING.
  4860 | D:6      | 4860 ||| FLEEEEING.
  4861 | D:6      | 4861 ||| FLEEEEING.
  4862 | D:6      | 4862 ||| FLEEEEING.
  4863 | D:6      | 4863 ||| FLEEEEING.
  4864 | D:6      | 4864 ||| FLEEEEING.
  4865 | D:6      | 4865 ||| FLEEEEING.
  5022 | D:6      | 5022 ||| SWAPPING to +0 orcbow.
  5023 | D:6      | 5023 ||| INVOKING Heroism.
  5027 | D:6      | Killed Blork the orc
  5028 | D:6      | Reached skill level 13 in Ranged Weapons
  5076 | D:6      | 5076 ||| DROPPING +5 shortbow of the Bequeathed God {heavy,
                  | Int+2 Dex+2}.
  5130 | D:6      | Found Bikik's Armour Shoppe.
  5146 | D:6      | 5146 ||| UPGRADING to +3 leather armour of Gowopnuo
                  | {Dex+9}.
  5156 | D:6      | 5156 ||| DROPPING +3 ring mail.
  5183 | D:6      | Reached XP level 9. HP: 50/50 MP: 14/14
  5307 | D:6      | Reached skill level 6 in Dodging
  5492 | D:6      | 5492 ||| DROPPING ring of flight.
  5493 | D:6      | 5493 ||| DRINKING 2 purple potions.
  5494 | D:6      | 5494 ||| DROPPING potion of brilliance.
  5495 | D:6      | 5495 ||| DROPPING wand of flame (21).
  5550 | D:7      | 5550 ||| DRINKING 2 potions of curing.
  5550 | D:7      | 5550 ||| (to cure confusion)
  5561 | D:7      | Reached ** piety under Okawaru
  5609 | D:7      | Found a stormy altar of Qazlal.
  5742 | D:7      | 5742 ||| RETREEEEATING.
  5743 | D:7      | 5743 ||| RETREEEEATING.
  5744 | D:7      | 5744 ||| RETREEEEATING.
  5745 | D:7      | 5745 ||| RETREEEEATING.
  5746 | D:7      | 5746 ||| INVOKING Heroism.
  5751 | D:7      | Reached skill level 14 in Ranged Weapons
  5934 | D:7      | Found a flagged portal.
  6043 | D:7      | 6043 ||| UPGRADING to +0 cloak.
  6048 | D:7      | 6048 ||| DROPPING amulet of guardian spirit.
  6049 | D:7      | 6049 ||| UPGRADING to amulet of regeneration.
  6054 | D:7      | 6054 ||| UPGRADING to +4 ring of protection.
  6056 | D:7      | 6056 ||| DROPPING ring of positive energy.
  6107 | D:8      | Noticed a two-headed ogre
  6108 | D:8      | 6108 ||| INVOKING Heroism.
  6118 | D:8      | Killed a two-headed ogre
  6119 | D:8      | Reached skill level 15 in Ranged Weapons
  6242 | D:8      | 6242 ||| READING scroll of acquirement.
  6242 | D:8      | 6242 ||| ACQUIRING +8 shortbow "Ucasch" {drain, rPois Dex+2
                  | Stlth-}
  6242 | D:8      | Acquired the +8 shortbow "Ucasch" {drain, rPois Dex+2
                  | Stlth-}
  6244 | D:8      | 6244 ||| SWAPPING to +8 shortbow "Ucasch" {drain, rPois
                  | Dex+2 Stlth-}.
  6251 | D:8      | Reached XP level 10. HP: 56/56 MP: 15/15
  6369 | D:8      | Reached skill level 9 in Dodging
  6373 | D:8      | Reached *** piety under Okawaru
  6375 | D:8      | Found Zin's Purification Station.
  6383 | D:8      | Found a glowing silver altar of Zin.
  6386 | D:8      | 6386 ||| BUYING potion of curing (90 gold).
  6386 | D:8      | Bought a potion of curing for 90 gold pieces
  6567 | D:8      | Noticed an orange crystal statue
  6568 | D:8      | 6568 ||| DRINKING 2 potions of curing.
  6568 | D:8      | 6568 ||| (to cure confusion)
  6572 | D:8      | 6572 ||| RETREEEEATING.
  6573 | D:8      | 6573 ||| RETREEEEATING.
  6574 | D:8      | 6574 ||| RETREEEEATING.
  6575 | D:8      | 6575 ||| RETREEEEATING.
  6576 | D:8      | 6576 ||| RETREEEEATING.
  6577 | D:8      | 6577 ||| RETREEEEATING.
  6578 | D:8      | 6578 ||| RETREEEEATING.
  6579 | D:8      | 6579 ||| RETREEEEATING.
  6580 | D:8      | 6580 ||| RETREEEEATING.
  6581 | D:8      | 6581 ||| RETREEEEATING.
  6582 | D:8      | 6582 ||| RETREEEEATING.
  6583 | D:8      | 6583 ||| RETREEEEATING.
  6584 | D:8      | 6584 ||| RETREEEEATING.
  6585 | D:8      | 6585 ||| RETREEEEATING.
  6586 | D:8      | 6586 ||| RETREEEEATING.
  6609 | D:8      | 6609 ||| DRINKING potion of curing.
  6609 | D:8      | 6609 ||| (to cure confusion)
  6614 | D:8      | Noticed a two-headed ogre
  6626 | D:8      | Noticed a two-headed ogre
  6628 | D:8      | 6628 ||| Stepping ~*~*~tactically~*~*~ (cloud).
  6696 | D:8      | Killed an orange crystal statue
  6766 | D:8      | 6766 ||| READING scroll of identify.
  6766 | D:8      | 6766 ||| IDENTIFYING metallic amethyst potion
  6767 | D:8      | 6767 ||| READING scroll labelled AJATIV UKLOPT.
  6768 | D:8      | 6768 ||| DRINKING 2 yellow potions.
  6827 | D:9      | Reached **** piety under Okawaru
  6839 | D:9      | 6839 ||| READING scroll of enchant armour.
  6839 | D:9      | 6839 ||| ENCHANTING +1 pair of boots.
  6892 | D:9      | Noticed a boulder beetle
  6893 | D:9      | 6893 ||| INVOKING Finesse.
  6912 | D:9      | Killed a boulder beetle
  7140 | D:9      | Found Feinyrasm's Mass Market.
  7259 | D:9      | Reached XP level 11. HP: 63/63 MP: 17/17
  7260 | D:9      | Reached skill level 6 in Invocations
  7275 | D:9      | Found a staircase to the Lair.
  7292 | D:9      | Reached ***** piety under Okawaru
  7611 | D:9      | 7611 ||| PLANNING LAIR
  7611 | D:9      | 7611 ||| READING 2 scrolls of identify.
  7611 | D:9      | 7611 ||| IDENTIFYING ruby potion
  7612 | D:9      | 7612 ||| DROPPING potion of attraction.
  7651 | Lair:1   | Entered Level 1 of the Lair of Beasts
  7654 | Lair:1   | 7654 ||| STAIRDANCE
  7661 | Lair:1   | 7661 ||| STAIRDANCE
  7679 | Lair:1   | 7679 ||| STAIRDANCE
  7684 | D:9      | Reached skill level 12 in Dodging
  7827 | Lair:1   | Received a gift from Okawaru
  7847 | Lair:1   | 7847 ||| DROPPING +1 heavy shortbow.
  7939 | Lair:1   | Noticed Fannar
  7940 | Lair:1   | 7940 ||| INVOKING Finesse.
  7949 | Lair:1   | Killed Fannar
  7950 | Lair:1   | Reached skill level 6 in Fighting
  8027 | Lair:1   | 8027 ||| RETREEEEATING.
  8028 | Lair:1   | 8028 ||| RETREEEEATING.
  8309 | Lair:1   | 8309 ||| DROPPING ring of magical power.
  8310 | Lair:1   | 8310 ||| READING 2 scrolls of identify.
  8310 | Lair:1   | 8310 ||| IDENTIFYING scroll labelled KAELIFF OROLL
  8311 | Lair:1   | 8311 ||| READING scroll of identify.
  8311 | Lair:1   | 8311 ||| IDENTIFYING scroll labelled RUSKAA BUTI
  8312 | Lair:1   | 8312 ||| DROPPING scroll of torment.
  8313 | Lair:1   | 8313 ||| DROPPING scroll of noise.
  8333 | Lair:2   | Noticed Urug
  8334 | Lair:2   | 8334 ||| INVOKING Finesse.
  8342 | Lair:2   | Killed Urug
  8343 | Lair:2   | Reached skill level 9 in Invocations
  8413 | Lair:2   | Noticed a skyshark
  8414 | Lair:2   | 8414 ||| ZAPPING wand of quicksilver (4) at -7,-6
                  | (skyshark; floor).
  8442 | Lair:2   | 8442 ||| INVOKING Finesse.
  8453 | Lair:2   | Killed a skyshark
  8453 | Lair:2   | Received a gift from Okawaru
  8511 | Lair:2   | Reached XP level 12. HP: 71/71 MP: 21/21
  8515 | Lair:2   | Noticed an eight-headed hydra
  8516 | Lair:2   | 8516 ||| ZAPPING wand of quicksilver (3) at 3,7
                  | (eight-headed hydra; floor).
  8517 | Lair:2   | 8517 ||| INVOKING Finesse.
  8528 | Lair:2   | Killed an eight-headed hydra
  8957 | Lair:2   | Found a hole to the Spider Nest.
  9194 | Lair:2   | Found the +8 whip "Snakebite" {venom, curare, rPois}
  9423 | Lair:3   | Noticed an eight-headed hydra
  9424 | Lair:3   | 9424 ||| INVOKING Finesse.
  9427 | Lair:3   | Killed an eight-headed hydra
  9550 | Lair:3   | Reached skill level 15 in Dodging
  9585 | Lair:3   | Reached skill level 3 in Armour
  9594 | Lair:3   | 9594 ||| RETREEEEATING.
  9597 | Lair:3   | 9597 ||| RETREEEEATING.
  9599 | Lair:3   | 9599 ||| RETREEEEATING.
  9600 | Lair:3   | Received a gift from Okawaru
  9611 | Lair:3   | Reached ****** piety under Okawaru
  9614 | Lair:3   | 9614 ||| INVOKING Receive Weapon.
  9614 | Lair:3   | 9614 ||| ACQUIRING +6 longbow of Integrity {flame, Str+4
                  | Int-3}
  9614 | Lair:3   | Acquired the +6 longbow of Integrity {flame, Str+4 Int-3}
  9614 | Lair:3   | Received a gift from Okawaru
  9615 | Lair:3   | 9615 ||| INVOKING Receive Armour.
  9615 | Lair:3   | 9615 ||| ACQUIRING +1 robe of Eruh {Will++ MP+9}
  9615 | Lair:3   | Acquired the +1 robe of Eruh {Will++ MP+9}
  9615 | Lair:3   | Received a gift from Okawaru
  9617 | Lair:3   | 9617 ||| SWAPPING to +6 longbow of Integrity {flame, Str+4
                  | Int-3}.
  9618 | Lair:3   | 9618 ||| DROPPING +8 shortbow "Ucasch" {drain, rPois Dex+2
                  | Stlth-}.
  9619 | Lair:3   | 9619 ||| DROPPING +0 orcbow.
  9784 | Lair:3   | Reached skill level 16 in Ranged Weapons
  9890 | Lair:3   | 9890 ||| RETREEEEATING.
  9891 | Lair:3   | 9891 ||| RETREEEEATING.
  9896 | Lair:3   | Received a gift from Okawaru
 10262 | Lair:3   | Found a staircase to the Swamp.
 10460 | Lair:4   | Reached skill level 17 in Ranged Weapons
 10464 | Lair:4   | Reached XP level 13. HP: 76/76 MP: 22/22
 10598 | Lair:4   | 10598 ||| RETREEEEATING.
 10603 | Lair:4   | 10603 ||| RETREEEEATING.
 10604 | Lair:4   | 10604 ||| RETREEEEATING.
 10610 | Lair:4   | 10610 ||| INVOKING Finesse.
 10656 | Lair:4   | Reached skill level 18 in Ranged Weapons
 10791 | Lair:4   | Received a gift from Okawaru
 10829 | Lair:4   | 10829 ||| RETREEEEATING.
 10930 | Lair:4   | 10930 ||| RETREEEEATING.
 10932 | Lair:4   | 10932 ||| RETREEEEATING.
 10933 | Lair:4   | 10933 ||| RETREEEEATING.
 10934 | Lair:4   | 10934 ||| RETREEEEATING.
 10936 | Lair:4   | 10936 ||| RETREEEEATING.
 10938 | Lair:4   | 10938 ||| RETREEEEATING.
 11290 | Lair:4   | 11290 ||| DROPPING +6 ring of strength.
 11307 | Lair:5   | Entered Level 5 of the Lair of Beasts
 11307 | Lair:5   | Found a viscous altar of Jiyva.
 11307 | Lair:5   | Found a staircase to the Slime Pits.
 11308 | Lair:5   | 11308 ||| STAIRDANCE
 11337 | Lair:5   | 11337 ||| STAIRDANCE
 11346 | Lair:4   | Reached skill level 19 in Ranged Weapons
 11522 | Lair:5   | 11522 ||| RETREEEEATING.
 11523 | Lair:5   | 11523 ||| RETREEEEATING.
 11524 | Lair:5   | 11524 ||| RETREEEEATING.
 11525 | Lair:5   | 11525 ||| RETREEEEATING.
 11526 | Lair:5   | 11526 ||| RETREEEEATING.
 11527 | Lair:5   | 11527 ||| RETREEEEATING.
 11528 | Lair:5   | 11528 ||| RETREEEEATING.
 11531 | Lair:5   | 11531 ||| INVOKING Finesse.
 11532 | Lair:5   | Received a gift from Okawaru
 11543 | Lair:5   | Reached skill level 20 in Ranged Weapons
 11888 | Lair:5   | 11888 ||| INVOKING Finesse.
 11906 | Lair:5   | Received a gift from Okawaru
 11992 | Lair:5   | 11992 ||| RETREEEEATING.
 11993 | Lair:5   | 11993 ||| RETREEEEATING.
 11994 | Lair:5   | 11994 ||| RETREEEEATING.
 11995 | Lair:5   | 11995 ||| RETREEEEATING.
 11996 | Lair:5   | 11996 ||| RETREEEEATING.
 12022 | Lair:5   | 12022 ||| Stepping ~*~*~tactically~*~*~ (cloud).
 12294 | Lair:5   | 12294 ||| RETREEEEATING.
 12297 | Lair:5   | 12297 ||| RETREEEEATING.
 12298 | Lair:5   | 12298 ||| RETREEEEATING.
 12299 | Lair:5   | 12299 ||| RETREEEEATING.
 12303 | Lair:5   | Reached XP level 14. HP: 84/84 MP: 23/23
 12450 | Lair:5   | 12450 ||| PLANNING D:1-11
 12450 | Lair:5   | 12450 ||| READING 4 scrolls of identify.
 12450 | Lair:5   | 12450 ||| IDENTIFYING lumpy amethyst potion
 12451 | Lair:5   | 12451 ||| READING 3 scrolls of identify.
 12451 | Lair:5   | 12451 ||| IDENTIFYING 3 lumpy coppery potions
 12574 | D:10     | Entered Level 10 of the Dungeon
 12710 | D:10     | Found a glowing golden altar of the Shining One.
 12747 | D:10     | Found a shimmering altar of Xom.
 12758 | D:10     | 12758 ||| Stepping randomly (disturbance).
 12759 | D:10     | 12759 ||| Stepping randomly (disturbance).
 12760 | D:10     | 12760 ||| Stepping randomly (disturbance).
 12762 | D:10     | 12762 ||| Stepping randomly (disturbance).
 12763 | D:10     | 12763 ||| Stepping randomly (disturbance).
 12764 | D:10     | 12764 ||| Stepping randomly (disturbance).
 12773 | D:10     | Reached skill level 9 in Fighting
 13037 | D:10     | Found Eshi's General Store.
 13059 | D:10     | 13059 ||| BUYING +8 triple crossbow (780 gold).
 13059 | D:10     | Bought a +8 triple crossbow for 780 gold pieces
 13059 | D:10     | 13059 ||| BUYING potion of curing (45 gold).
 13059 | D:10     | Bought a potion of curing for 45 gold pieces
 13059 | D:10     | 13059 ||| BUYING scroll of identify (30 gold).
 13059 | D:10     | Bought a scroll of identify for 30 gold pieces
 13059 | D:10     | 13059 ||| BUYING wand of paralysis (4) (144 gold).
 13059 | D:10     | Bought a wand of paralysis (4) for 144 gold pieces
 13059 | D:10     | 13059 ||| SWAPPING to +8 triple crossbow.
 13060 | D:10     | 13060 ||| DROPPING +6 longbow of Integrity {flame, Str+4
                  | Int-3}.
 13061 | D:10     | 13061 ||| READING 3 scrolls of enchant weapon.
 13061 | D:10     | 13061 ||| ENCHANTING +8 triple crossbow.
 13112 | D:10     | Found an opulent altar of Gozag.
 13279 | D:10     | 13279 ||| DROPPING +1 pair of boots.
 13345 | D:11     | Found a staircase to the Orcish Mines.
 13419 | D:11     | 13419 ||| RETREEEEATING.
 13420 | D:11     | 13420 ||| RETREEEEATING.
 13421 | D:11     | 13421 ||| RETREEEEATING.
 13422 | D:11     | 13422 ||| RETREEEEATING.
 13423 | D:11     | 13423 ||| RETREEEEATING.
 13424 | D:11     | 13424 ||| RETREEEEATING.
 13425 | D:11     | 13425 ||| RETREEEEATING.
 13426 | D:11     | 13426 ||| RETREEEEATING.
 13427 | D:11     | 13427 ||| RETREEEEATING.
 13428 | D:11     | 13428 ||| RETREEEEATING.
 13429 | D:11     | 13429 ||| RETREEEEATING.
 13430 | D:11     | 13430 ||| RETREEEEATING.
 13431 | D:11     | 13431 ||| RETREEEEATING.
 13432 | D:11     | 13432 ||| RETREEEEATING.
 13433 | D:11     | 13433 ||| RETREEEEATING.
 13434 | D:11     | 13434 ||| RETREEEEATING.
 13435 | D:11     | 13435 ||| RETREEEEATING.
 13436 | D:11     | 13436 ||| RETREEEEATING.
 13437 | D:11     | 13437 ||| RETREEEEATING.
 13438 | D:11     | 13438 ||| RETREEEEATING.
 13494 | D:11     | Noticed Grum
 13503 | D:11     | Killed Grum
 13503 | D:11     | Received a gift from Okawaru
 13639 | D:11     | 13639 ||| PLANNING D
 13639 | D:11     | 13639 ||| DROPPING ring of wizardry.
 13793 | D:12     | 13793 ||| RETREEEEATING.
 13840 | D:12     | Reached skill level 21 in Ranged Weapons
 13873 | D:12     | Noticed Psyche
 13875 | D:12     | Killed Psyche
 13907 | D:12     | Found a portal to a secret trove of treasure.
 14351 | D:12     | 14351 ||| RETREEEEATING.
 14575 | D:13     | Received a gift from Okawaru
 14576 | D:13     | Reached skill level 22 in Ranged Weapons
 14579 | D:13     | HP: 17/86 [fire dragon/blast of flame (39)]
 14580 | D:13     | 14580 ||| READING 11 scrolls of teleportation.
 14581 | D:13     | 14581 ||| DRINKING 6 potions of heal wounds.
 14648 | D:13     | 14648 ||| INVOKING Finesse.
 14725 | D:13     | 14725 ||| Stepping randomly (disturbance).
 14726 | D:13     | 14726 ||| Stepping randomly (disturbance).
 14736 | D:13     | 14736 ||| Stepping randomly (disturbance).
 14737 | D:13     | 14737 ||| Stepping randomly (disturbance).
 14784 | D:13     | Received a gift from Okawaru
 14840 | D:13     | 14840 ||| INVOKING Finesse.
 14841 | D:13     | 14841 ||| INVOKING Finesse.
 14845 | D:13     | Reached skill level 23 in Ranged Weapons
 15072 | D:13     | 15072 ||| INVOKING Finesse.
 15178 | D:13     | Reached XP level 15. HP: 90/90 MP: 24/24
 15303 | D:13     | Found a gate to the Vaults.
 15517 | D:13     | Received a gift from Okawaru
 15640 | D:13     | 15640 ||| UPGRADING to amulet of faith.
 15664 | D:14     | 15664 ||| PLANNING GAUNTLET
 15670 | D:14     | Noticed Snorg
 15674 | D:14     | Killed Snorg
 15678 | D:14     | 15678 ||| RETREEEEATING.
 15678 | D:14     | Noticed Azrael
 15688 | D:14     | 15688 ||| RETREEEEATING.
 15689 | D:14     | HP: 22/90 [Azrael/+2 scimitar of flaming (1)]
 15690 | D:14     | 15690 ||| READING 14 scrolls of teleportation.
 15691 | D:14     | Killed Azrael
 15692 | D:14     | Reached skill level 24 in Ranged Weapons
 15692 | D:14     | 15692 ||| DRINKING 5 potions of heal wounds.
 15693 | D:14     | 15693 ||| RETREEEEATING.
 15694 | D:14     | 15694 ||| RETREEEEATING.
 15695 | D:14     | 15695 ||| RETREEEEATING.
 15696 | D:14     | 15696 ||| RETREEEEATING.
 15697 | D:14     | 15697 ||| RETREEEEATING.
 15701 | D:14     | HP: 18/90 [fire elemental[Azrael] (13)]
 15702 | D:14     | 15702 ||| READING 13 scrolls of teleportation.
 15703 | D:14     | 15703 ||| DRINKING 4 potions of heal wounds.
 15706 | D:14     | HP: 20/90 [centaur/arrow[a centaur warrior] (4)]
 15707 | D:14     | 15707 ||| READING 12 scrolls of teleportation.
 15707 | D:14     | HP: 2/90 [centaur warrior/arrow (18)]
 15708 | D:14     | 15708 ||| DRINKING 3 potions of heal wounds.
 15709 | D:14     | 15709 ||| DRINKING 2 potions of heal wounds.
 15872 | D:14     | Found a gate leading to a gauntlet.
 15881 | Gauntlet | Entered a Gauntlet
 15881 | Gauntlet | Found a transporter.
 15890 | Gauntlet | Found a transporter.
 15890 | Gauntlet | Found a transporter.
 15901 | Gauntlet | Found a transporter.
 15904 | Gauntlet | Found a transporter.
 15915 | Gauntlet | Found a transporter.
 15932 | Gauntlet | Found a transporter.
 15943 | Gauntlet | Found a transporter.
 15953 | Gauntlet | Found a transporter.
 15969 | Gauntlet | Found a transporter.
 15981 | Gauntlet | Found a runed translucent door.
 15983 | Gauntlet | Found a transporter.
 15983 | Gauntlet | Found a transporter.
 15985 | Gauntlet | Found a runed translucent door.
 16026 | Gauntlet | Found a transporter.
 16044 | Gauntlet | Found a transporter.
 16128 | Gauntlet | 16128 ||| DRINKING 5 potions of haste.
 16188 | Gauntlet | 16188 ||| UPGRADING to +2 cloak of stealth.
 16198 | Gauntlet | 16198 ||| DROPPING +0 cloak.
 16288 | Gauntlet | 16288 ||| UPGRADING to +2 cloak of poison resistance.
 16298 | Gauntlet | 16298 ||| DROPPING +2 cloak of stealth.
 16299 | Gauntlet | 16299 ||| UPGRADING to +6 ring of dexterity.
 16301 | Gauntlet | 16301 ||| DROPPING ring of protection from fire.
 16302 | Gauntlet | 16302 ||| UPGRADING to +5 ring of evasion.
 16304 | Gauntlet | 16304 ||| DROPPING +4 ring of protection.
 16318 | Gauntlet | 16318 ||| Stepping ~*~*~tactically~*~*~ (cloud).
 16323 | Gauntlet | HP: 17/90 [gargoyle/stone arrow (8)]
 16324 | Gauntlet | HP: 5/90 [molten gargoyle/+0 flail (5)]
 16324 | Gauntlet | HP: 2/90 [gargoyle/stone arrow (3)]
 16325 | Gauntlet | Slain by a molten gargoyle

Levels and vault maps discovered:
D:1:      heliophobic_arrival_ceremonial_halls, layout_basic
D:2:      layout_rooms, hellmonk_ecumenical_altar_pennies_from_heaven,
          amethyst_killhole, nicolae_shop_vocational, uniq_sigmund
D:3:      layout_loops_corners, serial_shops, nicolae_square_shop,
          nrook_campfire, minmay_snake_closets
D:4:      minmay_chambers_of_fours, layout_basic,
          mainiacjoe_overflow_small_starburst, kennysheep_decorative_pillar,
          uniq_menkaure
D:5:      layout_cave_pods, yredelemnul_altar_generic, fedhas_altar_4,
          vehumet_altar_wand_db, minmay_temple_entry_statues_pillars,
          serial_library_regret_index_double_sided, uniq_eustachio
D:6:      layout_cave_pods, nicolae_hepliaklqana_hazy_memory, serial_shops,
          shop, minivault_23, uniq_blork_the_orc, uniq_maggie
D:7:      layout_rooms, mainiacjoe_overflow_boulevard, enter_bailey_8
D:8:      layout_basic, zin_purify, minmay_misc_feat_iff,
          minmay_misc_feat_rugged, disabler_island
D:9:      layout_long_grid, david_lair_generic, minmay_shop_mass, kb_rosetta
D:10:     layout_rooms, xom_confusion_cloud, nicolae_tso_carved_into_rock,
          grunt_gozag_breadcrumbs, serial_shops, nicolae_lakefront_shop,
          kennysheep_cross_bottleneck
D:11:     layout_cross, david_orc_4, uniq_grum
D:12:     layout_roguey, special_room [special_room_bee],
          nicolae_trove_entry_path_of_doom, nzn_sisyphean_effort, uniq_psyche
D:13:     regret_index_all_hallows'_manor, layout_loops_ring, david_vaults_5
D:14:     layout_irregular_city, gauntlet_entry_generic, serial_ice,
          serial_ice_j, serial_ice_o, serial_ice_f, serial_ice_a,
          nicolae_qazlal_general_emergency, kennysheep_nondescript,
          dreamdust_mushroom_princess, uniq_snorg, uniq_frances, uniq_azrael
Temple:   nicolae_temple_x_marks_the_god
Lair:1:   layout_long_grid, uniq_fannar
Lair:2:   minmay_guarded_unrand_snakebite, layout_small_grid,
          hellmonk_spider_entry_life_and_decay, nicolae_quartered_pool_medium,
          minmay_stone_trees_small, uniq_urug
Lair:3:   layout_small_grid, minmay_swamp_entry_worms,
          nicolae_lair_grazing_beasts [nicolae_sub_lair_graze_edge,
          nicolae_sub_lair_graze_edge, nicolae_sub_lair_graze_edge,
          nicolae_sub_lair_graze_edge]
Lair:4:   layout_gridlike
Lair:5:   gammafunk_lair_ancient_temple, layout_gridlike,
          minmay_slime_entry_oklob_open, chequers_serial_rivers_large_a,
          dreamdust_wasp_nest
Gauntlet: minmay_gauntlet_77_tree [minmay_gauntlet_arena_77_chump_sandwich,
          minmay_gauntlet_arena_77_cramped, minmay_gauntlet_arena_77_two_paths,
          minmay_gauntlet_arena_77_block_sizes,
          minmay_gauntlet_arena_77_double_cross,
          minmay_gauntlet_arena_77_braids, minmay_gauntlet_arena_77_mirror,
          dreamdust_gauntlet_exit_labyrinth]

Skill      XL: |  1  2  3  4  5  6  7  8  9 10 11 12 13 14 15 |
---------------+----------------------------------------------+-----
Ranged Weapons | 6 9 10 12 13 15 17 20 23 24 | 24.3
Fighting       | 2 3 5 6 7 8 9 |  9.0
Dodging        | 3 4 5 8 11 13 15 16 | 16.0
Armour         | 1 2 3 |  3.2
Invocations    | 4 5 9 10 | 10.0
Stealth        | |  1.2

Action                     |  1- 3 |  4- 6 |  7- 9 | 10-12 | 13-15 || total
---------------------------+-------+-------+-------+-------+-------++-------
   Fire: Shortbow          |    85 |   166 |   203 |   564 |       ||  1018
         Orcbow            |       |       |   141 |       |       ||   141
         Longbow           |       |       |       |    75 |   318 ||   393
         Triple crossbow   |       |       |       |       |   381 ||   381
 Invoke: Heroism           |       |       |     4 |       |       ||     4
         Finesse           |       |       |       |     6 |     6 ||    12
         Receive Weapon    |       |       |       |     1 |       ||     1
         Receive Armour    |       |       |       |     1 |       ||     1
  Evoke: Wand              |       |       |       |     2 |       ||     2
    Use: Scroll            |     3 |     9 |     9 |     6 |     7 ||    34
         Potion            |     1 |     1 |     5 |     3 |     6 ||    16
 Armour: Leather armour    |    10 |       |     7 |    43 |   135 ||   195
         Ring mail         |    22 |    48 |    28 |       |       ||    98
         Skin              |       |       |     3 |       |       ||     3
  Dodge: Dodged            |    41 |    42 |   111 |   187 |   392 ||   773

Table legend:
 A = Non-vault XP
 B = Vault XP
 C = Vault XP percentage of total XP
 D = Non-vault monster count
 E = Vault monster count
 F = Vault count percentage of total count
                 A         B        C        D         E       F
            +---------+---------+-------+---------+---------+-------
      Total |   61621 |   50430 |  45.0 |     402 |     194 |  32.6
            +---------+---------+-------+---------+---------+-------
        D:1 |      52 |       0 |   0.0 |      32 |       0 |   0.0
        D:2 |      31 |     239 |  88.5 |      12 |       1 |   7.7
        D:3 |      38 |      48 |  55.8 |      14 |       9 |  39.1
        D:4 |     212 |     467 |  68.8 |      16 |       7 |  30.4
        D:5 |     357 |     193 |  35.1 |      13 |       2 |  13.3
        D:6 |     876 |     491 |  35.9 |      13 |       2 |  13.3
        D:7 |    1321 |       0 |   0.0 |      26 |       0 |   0.0
        D:8 |    1944 |     840 |  30.2 |      30 |       5 |  14.3
        D:9 |    2879 |    2724 |  48.6 |      32 |       8 |  20.0
       D:10 |    1636 |     852 |  34.2 |      13 |       8 |  38.1
       D:11 |    3901 |    1380 |  26.1 |      24 |      22 |  47.8
       D:12 |    5982 |    4575 |  43.3 |      34 |      28 |  45.2
       D:13 |    5745 |   15686 |  73.2 |      11 |      34 |  75.6
       D:14 |     997 |    2648 |  72.6 |       4 |       6 |  60.0
     Lair:1 |    4715 |     896 |  16.0 |      17 |       1 |   5.6
     Lair:2 |    5031 |    3228 |  39.1 |      19 |      16 |  45.7
     Lair:3 |    7734 |    3109 |  28.7 |      28 |       8 |  22.2
     Lair:4 |   11211 |       0 |   0.0 |      34 |       0 |   0.0
     Lair:5 |    6959 |    9959 |  58.9 |      30 |      26 |  46.4
   Gauntlet |       0 |    3095 | 100.0 |       0 |      11 | 100.0
            +---------+---------+-------+---------+---------+-------
